 Dungeon Crawl Stone Soup version 0.23.2-1-ga50397a (webtiles) character file.

Game seed: 16145959905741287760

126 troglodite the Grasshopper (level 5, 0/35 HPs)
             Began as an Octopode Warper on May 20, 2019.
             Slain by a gnoll
             ... wielding a +0 flail of crushing
              (2 damage)
             ... on level 2 of the Dungeon.
             The game lasted 00:08:03 (3289 turns).

troglodite the Grasshopper (Octopode Warper)        Turns: 3289, Time: 00:08:05

Health: 0/35       AC:  1    Str: 11    XL:     5   Next: 9%
Magic:  8/8        EV: 14    Int: 15    God:
Gold:   113        SH:  0    Dex: 12    Spells: 4/8 levels left

rFire    . . .     SeeInvis .   b - +2 dagger (speed)
rCold    . . .     Gourm    .   (no shield)
rNeg     . . .     Faith    .   (helmet restricted)
rPois    .         Spirit   .   i - amulet of rage
rElec    .         Reflect  .   m - ring of protection from magic
rCorr    .         Harm     .   (no ring)
MR       +....                  (no ring)
Stlth    +++.......             (no ring)
HPRegen  0.11/turn              (no ring)
MPRegen  0.11/turn              (no ring)
                                (no ring)
                                (no ring)

@: no status effects
A: almost no armour, stealthy swim, amphibious, 8 rings, constrict 8, camouflage
1, gelatinous body 1
a: Evoke Berserk Rage


You were on level 2 of the Dungeon.
You were not hungry.

You visited 1 branch of the dungeon, and saw 3 of its levels.

You collected 113 gold pieces.

Inventory:

Hand Weapons
 a - a +0 falchion
 b - a +2 dagger of speed (weapon)
 r - a +0 hunting sling
Missiles
 d - 4 tomahawks of dispersal (quivered)
 h - 2 javelins
 s - 19 stones
Jewellery
 i - an amulet of rage (around mantle)
 m - a ring of protection from magic (left tentacle)
Scrolls
 c - a scroll of blinking
 e - 2 scrolls of identify {unknown}
 g - 2 scrolls of teleportation {unknown}
 j - a scroll of enchant weapon {unknown}
 l - 2 scrolls of fear {unknown}
 o - a scroll of noise {unknown}
 p - a scroll of enchant armour {unknown}
Potions
 n - 2 potions of ambrosia {unknown}
 t - a potion of flight {unknown}
 u - a potion of degeneration {unknown}
 v - a potion of invisibility {unknown}
Comestibles
 f - 3 rations


   Skills:
 * Level 2.5 Fighting
 + Level 0.5(1.6) Short Blades
 * Level 2.4(2.5) Long Blades
 + Level 0.2(1.0) Slings
 * Level 1.7 Throwing
 * Level 3.2 Dodging
 + Level 1.2 Stealth
 * Level 2.4 Spellcasting
 * Level 1.3 Charms
 * Level 3.2 Translocations


You had 4 spell levels left.
You knew the following spells:

 Your Spells              Type           Power        Failure   Level  Hunger
a - Blink                 Tloc           N/A          9%          2    ###....
b - Shroud of Golubria    Chrm/Tloc      #.........   13%         2    ###....

Your spell library contained the following spells:

 Spells                   Type           Power        Failure   Level  Hunger
 Gell's Gravitas          Tloc           ##........   17%         3    ###....
 Lesser Beckoning         Tloc           ##........   17%         3    ###....
 Teleport Other           Tloc           ##......     17%         3    ###....
 Passage of Golubria      Tloc           N/A          50%         4    #####..


Dungeon Overview and Level Annotations

Branches:
Dungeon (3/15)

Altars:
The Shining One

Annotations:
D:3 Jessica


Innate Abilities, Weirdness & Mutations

You cannot wear most types of armour.
You are very stealthy in the water. (Stealth+)
You are amphibious.
You can wear up to eight rings at the same time.
You can use your tentacles to constrict eight enemies at once.
Your skin changes colour to match your surroundings (Stealth+).
Your rubbery body absorbs attacks. (AC +1, EV +1)


Message History

You hit the gnoll. You grab the gnoll. You squeeze the gnoll!
The gnoll is almost dead.
You constrict the gnoll, but do no damage.
The gnoll hits you.
You hit the gnoll but do no damage.
The gnoll is almost dead.
You constrict the gnoll.
You kill the gnoll!
You barely miss the ball python. You grab the ball python.
You constrict the ball python. The ball python bites you.
The ball python grabs you. The ball python constricts you.
You hit the ball python.
You kill the ball python!
You hit the gnoll. You grab the gnoll.
You squeeze the gnoll, but do no damage.
The gnoll is lightly wounded.
You constrict the gnoll, but do no damage.
The gnoll hits you with a +0 flail of crushing!
* * * LOW HITPOINT WARNING * * *
You die...

##.## #......##.##.##.#.......
#...# ##..............#.##.#..
#...######.....##.##.####.##.#..
#.................##......##....
##...####..#.......##......####..
...........#.##..#.##............
................o#........##.###.
..............##g#..#.....##.###.
##............##@#..#.....##.##..
#...#####..........########.##..
#...# ##.#.#####.# #.##.. #...#
#..........########..... ##.##
#.##.##.####...g...###.# #.#
#.##.....###.#####.# #.# #.#
#.#####...##.#####.###.# ###.##
#.#####................# .....#
#.........##.#####.#####


You could see a gnoll and an orc.

Vanquished Creatures
  2 gnolls (D:2)
  2 adders
  2 worms (D:2)
  3 dart slugs
  A leopard gecko (D:2)
  4 orcs
  2 ball pythons
  9 bats
  3 giant cockroaches (D:1)
  11 goblins
  11 hobgoblins
  3 jackals (D:1)
  4 frilled lizards
  7 kobolds
  4 rats
68 creatures vanquished.

Notes
Turn   | Place    | Note
-------+----------+-------------------------------------------
     0 | D:1      | troglodite the Octopode Warper began the quest for the Orb.
     0 | D:1      | Reached XP level 1. HP: 14/14 MP: 3/3
   119 | D:1      | Reached XP level 2. HP: 16/19 MP: 5/5
   143 | D:1      | Learned a level 2 spell: Blink
   146 | D:1      | Learned a level 2 spell: Shroud of Golubria
   529 | D:1      | Reached XP level 3. HP: 17/25 MP: 6/6
   790 | D:1      | Reached skill level 1 in Charms
  1480 | D:2      | Found a glowing golden altar of the Shining One.
  1498 | D:2      | Reached XP level 4. HP: 29/30 MP: 7/7
  2708 | D:3      | Noticed Jessica
  3026 | D:2      | Reached skill level 1 in Stealth
  3281 | D:2      | Reached XP level 5. HP: 11/35 MP: 8/8
  3289 | D:2      | Slain by a gnoll

Skill      XL: |  1  2  3  4 |
---------------+-------------+-----
Charms         | 1 |  1.3
Dodging        | 3 |  3.2
Stealth        | 1 |  1.2
Fighting       | |  2.5
Short Blades   | |  0.5
Long Blades    | |  2.4
Slings         | |  0.2
Throwing       | |  1.7
Spellcasting   | |  2.4
Translocations | |  3.2

Action                   |  1- 3 |  4- 6 || total
-------------------------+-------+-------++-------
Melee: Falchion          |    17 |       ||    17
       Constrict         |    21 |    15 ||    36
       Dagger            |    62 |    62 ||   124
       Tentacles         |     9 |    13 ||    22
 Fire: Hunting sling     |       |    19 ||    19
Throw: Tomahawk          |       |     1 ||     1
  Use: Potion            |       |     1 ||     1
 Stab: Sleeping          |     6 |     3 ||     9
  Eat: Chunk             |     1 |     6 ||     7
Armor: Skin              |    10 |     6 ||    16
Dodge: Dodged            |    44 |    45 ||    89
       Rpst.: Falchion   |     5 |       ||     5
